 Dungeon Crawl Stone Soup version 0.26.1-2-gb8aa6d0cf2 (webtiles) character file.

Game seed: 2012277394953120229

13547 RaHiT the Thaumaturge (level 12, -12/81 HPs)
             Began as an Octopode Delver on Mar 24, 2021.
             Was a Priest of Cheibriados.
             Mangled by Snorg (19 damage)
             ... on level 10 of the Dungeon.
             The game lasted 01:27:03 (12065 turns).

RaHiT the Thaumaturge (Octopode Delver)            Turns: 12065, Time: 01:27:05

Health: -12/81     AC:  1    Str: 19    XL:     12   Next: 7%
Magic:  0/35       EV: 18    Int: 24    God:    Cheibriados [***...]
Gold:   594        SH:  5    Dex: 16    Spells: 27/31 levels left

rFire    . . .     SeeInvis +     - Unarmed
rCold    . . .     Faith    .   (no shield)
rNeg     + + +     Spirit   .   (helmet restricted)
rPois    .         Reflect  +   q - amulet of reflection
rElec    .         Harm     .   g - ring of positive energy
rCorr    .         Rampage  .   y - ring of magical power
Will     .....                  G - ring of see invisible
Stlth    +++++.....             L - ring of Icralehe {Wiz rN++ Dex-3}
HPRegen  0.23/turn              (no ring)
MPRegen  0.24/turn              (no ring)
                                (no ring)
                                (no ring)

@: about to teleport, very slightly contaminated, very slow
A: almost no armour, stealthy swim, amphibious, 8 rings, constrict 8, camouflage
1, clever 1, mutation resistance 1, wild magic 1, gelatinous body 1
a: Renounce Religion, Bend Time, Temporal Distortion


You were on level 10 of the Dungeon.
You worshipped Cheibriados.
Cheibriados was most pleased with you.
You visited 3 branches of the dungeon, and saw 12 of its levels.

You collected 594 gold pieces.

Inventory:

Hand Weapons
 u - a +2 dagger of electrocution
 v - a +1 scimitar of flaming
 A - a +2 hand axe of electrocution
Missiles
 f - 98 bolts
 j - 369 stones
 k - 32 sling bullets
 o - 236 arrows
 x - 10 boomerangs (quivered)
 J - 2 boomerangs of dispersal
Magical Staves
 h - an uncursed staff of death {unknown}
Jewellery
 g - a ring of positive energy (left tentacle)
 q - an amulet of reflection (around mantle)
 y - a ring of magical power (right tentacle)
 G - a ring of see invisible (on tentacle)
 L - the ring of Icralehe (on tentacle) {Wiz rN++ Dex-3}
   (You found it on level 10 of the Dungeon)

   [ring of wizardry]

   It improves your spell success rate.
   It affects your dexterity (-3).
   It greatly protects you from negative energy.
Wands
 e - a wand of digging (7)
 p - a wand of enslavement (4)
 t - a wand of paralysis (2)
 C - a wand of disintegration (14)
 E - a wand of iceblast (14)
 O - a wand of polymorph (6)
Scrolls
 a - 3 scrolls of fog
 b - 3 scrolls of magic mapping
 c - a scroll of holy word {unknown}
 i - 2 scrolls of blinking {unknown}
 s - 2 scrolls of teleportation
 D - 5 scrolls of remove curse
 F - 2 scrolls of immolation {unknown}
 M - a scroll of acquirement {unknown}
 N - a scroll of enchant weapon {unknown}
 P - a scroll of noise {unknown}
Potions
 l - a potion of berserk rage {unknown}
 m - 2 potions of mutation
 n - a potion of might
 r - a potion of magic
 w - a potion of resistance {unknown}
 z - 4 potions of flight
 B - a potion of heal wounds {unknown}
 H - a potion of cancellation
 I - 2 potions of brilliance
 K - a potion of lignification


   Skills:
 - Level 7.0 Fighting
 - Level 6.0 Throwing
 - Level 7.0 Dodging
 - Level 9.3 Stealth
 - Level 7.0 Unarmed Combat
 - Level 10.0 Spellcasting
 + Level 1.4 Summonings
 + Level 1.7 Air Magic
 - Level 7.2 Invocations
 - Level 9.2 Evocations


You had 27 spell levels left.
You knew the following spells:

 Your Spells              Type           Power        Failure   Level
a - Summon Lightning Spi  Summ/Air       25%          14%         4

Your spell library contained the following spells:

 Spells                   Type           Power        Failure   Level
 Summon Small Mammal      Summ           96%          2%          1
 Call Imp                 Summ           24%          2%          2
 Foxfire                  Conj/Fire      60%          3%          1
 Call Canine Familiar     Summ           24%          5%          3
 Summon Guardian Golem    Hex/Summ       20%          7%          3
 Conjure Flame            Conj/Fire      15%          9%          3
 Inner Flame              Hex/Fire       15%          9%          3
 Summon Ice Beast         Ice/Summ       20%          21%         4
 Sticky Flame             Conj/Fire      15%          26%         4
 Fireball                 Conj/Fire      7%           54%         5
 Malign Gateway           Summ/Tloc      10%          100%        7
 Monstrous Menagerie      Summ           12%          100%        7
 Summon Greater Demon     Summ           12%          100%        7
 Summon Horrible Things   Summ           12%          100%        8


Dungeon Overview and Level Annotations

Branches:
Dungeon (10/15)            Temple (1/1) D:5            Lair (0/6) D:10
    Orc (1/2) D:9

Altars:
Ashenzari
Cheibriados
Dithmenos
Elyvilon
Fedhas
Gozag
Hepliaklqana
Kikubaaqudgha
Makhleb
Nemelex Xobeh
Okawaru
Qazlal
Ru
Sif Muna
Trog
Uskayaw
Vehumet
Wu Jian
Xom
Yredelemnul
Zin
The Shining One

Shops:
D:8 =   D:10 [[(*=

Annotations:
D:10 Snorg


Innate Abilities, Weirdness & Mutations

You cannot wear most types of armour.
You are very stealthy in the water. (Stealth+)
You are amphibious.
You can wear up to eight rings at the same time.
You can use your tentacles to constrict eight enemies at once.
Your skin changes colour to match your surroundings (Stealth+).
Your rubbery body absorbs attacks. (AC +1, EV +1)
Your mind is acute. (Int +2)
You are somewhat resistant to further mutation.
Your spells are a little harder to cast, but a little more powerful.


Message History

A nameless horror comes into view.
As you read the scroll of teleportation, it crumbles to dust.
You feel strangely unstable.
Aiming: Disintegrate
Press: ? - help, Shift-Dir - straight line, f/p - Snorg
Aim: Snorg (severely wounded, chance to affect: 63%) Snorg resists with significant effort.
Aiming: Disintegrate
Press: ? - help, Shift-Dir - straight line, f/p - Snorg
Aim: Snorg (severely wounded, chance to affect: 63%) Snorg is blasted!!
The nameless horror hits you.
* * * LOW HITPOINT WARNING * * *
Aiming: Disintegrate
Press: ? - help, Shift-Dir - straight line, f/p - Snorg
Aim: Snorg (almost dead, chance to affect: 63%) Snorg resists with significant effort.
The nameless horror hits you!
* * * LOW HITPOINT WARNING * * *
You feel your power leaking away. Snorg bites you!!
You die...

...##.#.# #..##....#..#..#.######
##.##.#.# #.†##.......#..#T......
##.##.#.# #..##..........#.......
##......# #..##..........#.......
..###...###..##....(.#####.......
#.##.....##..##..................
#.#..P....#..##....#.#####(......
#.#.P.....#.....X..#.# .......
#.......(......T@....# #######
#...[......#.#########
#.....>......# #............#
.............# ###.......##.#
#....P..##.# ##.....###.#
####...####.#


You could see Snorg and a nameless horror.

Vanquished Creatures
  A boulder beetle (D:8)
  Harold (D:9)
  Erica (D:8)
  A two-headed ogre (D:8)
  An unseen horror (D:10)
  Pikel (D:5)
  An elephant (D:10)
  A centaur skeleton (D:10)
  A troll (D:8)
  Grinder (D:3)
  4 wyverns (D:10)
  A basilisk (D:10)
  A steam dragon (D:10)
  A warg (D:9)
  A water moccasin (D:9)
  3 orc warriors
  2 ice beasts
  3 sky beasts
  3 phantoms
  A swamp drake (D:9)
  2 black bears
  A necrophage (D:5)
  5 ogres
  5 centaurs
  A big kobold (D:10)
  6 bullfrogs
  A wyvern zombie (D:9)
  2 scorpions (D:7)
  6 killer bees (D:9)
  14 wights
  A howler monkey (D:10)
  5 hounds
  4 orc priests
  A jelly (D:4)
  A bullfrog skeleton (D:8)
  An iguana (D:8)
  7 orc wizards
  Natasha (thrice) (D:2)
  13 worker ants
  6 gnolls
  13 adders
  A shadow imp (D:9)
  3 white imps
  3 ufetubi
  An adder zombie (D:9)
  An ooze (D:2)
  3 adder skeletons (D:4)
  4 worms
  2 dart slugs (D:2)
  3 leopard geckos
  27 orcs
  9 giant cockroaches
  5 goblins
  11 hobgoblins
  8 jackals
  7 quokkas
  A ball python (D:3)
  12 bats
  6 frilled lizards
  13 kobolds
  A quokka skeleton (D:5)
  5 rats
  A spectral orc (D:2)
255 creatures vanquished.

Vanquished Creatures (collateral kills)
  A two-headed ogre (D:10)
  A cyclops (D:10)
2 creatures vanquished.

Vanquished Creatures (others)
  A bullfrog (D:8)
  An orc wizard (D:8)
  A plant (D:10)
3 creatures vanquished.

Grand Total: 260 creatures vanquished

Notes
Turn   | Place    | Note
-------+----------+-------------------------------------------
     0 | D:5      | RaHiT the Octopode Delver began the quest for the Orb.
     0 | D:5      | Reached XP level 1. HP: 16/16 MP: 1/1
     9 | D:5      | Noticed a hound
    20 | D:5      | Killed a hound
    21 | D:5      | Reached skill level 1 in Evocations
    21 | D:5      | Reached XP level 2. HP: 19/21 MP: 1/3
    21 | D:5      | Reached XP level 3. HP: 24/26 MP: 1/4
    79 | D:4      | Noticed an ogre
    91 | D:5      | Noticed a lemure
    92 | D:5      | Noticed Pikel
    92 | D:5      | Noticed a lemure
    93 | D:5      | Noticed a lemure
    95 | D:5      | Noticed a lemure
   165 | D:3      | Noticed a black bear
   169 | D:3      | Found a faded altar of an unknown god.
   808 | D:1      | Reached skill level 1 in Spellcasting
  1109 | D:2      | Reached XP level 4. HP: 31/31 MP: 5/5
  1409 | D:2      | Noticed Natasha
  1425 | D:2      | Killed Natasha
  1426 | D:2      | Reached skill level 1 in Throwing
  1436 | D:2      | Found a basalt altar of Yredelemnul.
  1542 | D:2      | Reached XP level 5. HP: 28/36 MP: 6/6
  2332 | D:2      | Found an ornate altar of the Wu Jian Council.
  2369 | D:3      | Noticed Grinder
  2387 | D:3      | Killed Grinder
  2388 | D:3      | Reached XP level 6. HP: 42/42 MP: 7/7
  2618 | D:3      | Killed a black bear
  2619 | D:3      | Reached XP level 7. HP: 38/48 MP: 8/8
  2719 | D:3      | Found an iron altar of Okawaru.
  3102 | D:4      | Found a hazy altar of Hepliaklqana.
  3456 | D:4      | Reached skill level 5 in Unarmed Combat
  3467 | D:4      | Reached skill level 9 in Spellcasting
  3467 | D:4      | Reached XP level 8. HP: 4/54 MP: 18/21
  3470 | D:4      | Gained mutation: Your mind is acute. (Int +2) [potion of
                  | mutation]
  3470 | D:4      | Gained mutation: Your spells are a little harder to cast,
                  | but a little more powerful. [potion of mutation]
  3470 | D:4      | Gained mutation: You are somewhat resistant to further
                  | mutation. [potion of mutation]
  3753 | D:3      | Reached skill level 5 in Fighting
  3753 | D:3      | Reached skill level 5 in Throwing
  3753 | D:3      | Reached skill level 5 in Dodging
  3753 | D:3      | Reached XP level 9. HP: 61/61 MP: 22/22
  4192 | D:4      | Found a shadowy altar of Dithmenos.
  4304 | D:4      | Found a broken altar of Ashenzari.
  4306 | D:4      | You fall into a shaft and drop 3 floors!
  4355 | D:7      | Reached XP level 10. HP: 68/68 MP: 23/23
  4496 | D:5      | Killed Pikel
  4639 | D:5      | Found a staircase to the Ecumenical Temple.
  4663 | Temple   | Entered the Ecumenical Temple
  4857 | Temple   | Became a worshipper of Cheibriados the Contemplative
  5400 | D:6      | Reached skill level 10 in Spellcasting
  5588 | D:6      | Reached skill level 1 in Invocations
  5962 | D:7      | Reached * piety under Cheibriados
  6475 | D:8      | Found a burning altar of Makhleb.
  6524 | D:8      | Noticed a boulder beetle
  6561 | D:8      | Killed a boulder beetle
  6627 | D:8      | Found Zemeilu's Jewellery Boutique.
  6722 | D:8      | Found a stormy altar of Qazlal.
  6784 | D:8      | Noticed Erica
  6803 | D:8      | Killed Erica
  6804 | D:8      | Reached XP level 11. HP: 53/72 MP: 25/25
  6913 | D:8      | Found a white marble altar of Elyvilon.
  7153 | D:2      | Noticed Natasha
  7163 | D:2      | Killed Natasha
  7193 | D:2      | Noticed Natasha
  7202 | D:2      | Killed Natasha
  7411 | D:8      | Reached ** piety under Cheibriados
  7789 | D:8      | Found an opulent altar of Gozag.
  8304 | D:8      | Noticed a two-headed ogre
  8322 | D:8      | Killed a two-headed ogre
  8323 | D:8      | Reached skill level 5 in Invocations
  8609 | D:9      | Found a staircase to the Orcish Mines.
  8947 | D:9      | Reached *** piety under Cheibriados
  9391 | D:9      | Reached **** piety under Cheibriados
  9398 | D:9      | Noticed Harold
  9414 | D:9      | Killed Harold
  9691 | Orc:1    | Entered Level 1 of the Orcish Mines
  9762 | D:10     | Entered Level 10 of the Dungeon
  9825 | D:10     | Found Koideef's Armour Shoppe.
  9874 | D:10     | Noticed an unseen horror
  9879 | D:10     | Killed an unseen horror
  9903 | D:10     | Found Kiemnoin's Antique Armour Emporium.
 10277 | D:10     | Found a staircase to the Lair.
 10840 | D:10     | Noticed Snorg
 10848 | D:10     | Found Heemo's Weapon Shop.
 10848 | D:10     | Found Urghimea's Assorted Antiques.
 11378 | D:10     | Found Cuipleps's Jewellery Boutique.
 11442 | D:10     | Got a bound bone ring
 11443 | D:10     | Identified the ring of Icralehe {Wiz rN++ Dex-3} (You found
                  | it on level 10 of the Dungeon)
 11449 | D:10     | Learned a level 4 spell: Summon Lightning Spire
 11684 | D:10     | Reached XP level 12. HP: 57/80 MP: 26/26
 11796 | D:10     | Noticed a two-headed ogre
 11801 | D:10     | Reached skill level 1 in Air Magic
 11803 | D:10     | Killed a two-headed ogre
 11804 | D:10     | Reached skill level 1 in Summonings
 12065 | D:10     | Mangled by Snorg

Illustrated notes

Levels and vault maps discovered:
D:1:      lemuel_arrival_lava_pool, layout_basic, serial_forest,
          infiniplex_forest_lined_3, infiniplex_forest_zigzag_1,
          infiniplex_forest_clump_C, infiniplex_forest_corner_1,
          infiniplex_forest_lined_ring, infiniplex_forest_straight_4
D:2:      minmay_razor_zed, layout_basic, yredelemnul_forgotten_temple_becter,
          lemuel_crystal_altar, hangedman_decor_growths, uniq_natasha
D:3:      layout_rooms, chequers_ecumenical_altar_simple,
          okawaru_ov_weapons_minmay, uniq_grinder
D:4:      layout_loops_ring, kennysheep_mini, nzn_hepliaklqana_mist_gate,
          marbit_many_paths
D:5:      layout_loops_ring, minmay_temple_entry_crystal_x, uniq_pikel
D:6:      layout_cave_pools
D:7:      layout_cave_pods
D:8:      cheibrodos_barr_body, layout_cave_pods, nicolae_gozag_seed_capital,
          lemuel_crystal_altar, lemuel_doored_altar, serial_shops, shop,
          basic_altar, uniq_erica
D:9:      layout_basic, erik_orc_1, uniq_harold
D:10:     layout_basic, david_lair_generic, serial_shops, shop,
          nicolae_shop_window_shopping, shop, nicolae_shop_overgrown_old_shop,
          nicolae_shop_statue_plus, uniq_snorg
Temple:   eino_narrow_crystal_temple
Orc:1:    layout_caves, basic_altar

Skill      XL: |  1  2  3  4  5  6  7  8  9 10 11 12 |
---------------+-------------------------------------+-----
Stealth        | 7 8 9 |  9.3
Evocations     | 1 2 8 9 |  9.2
Dodging        | 3 4 5 6 7 |  7.0
Spellcasting   | 1 9 10 | 10.0
Throwing       | 1 2 5 6 |  6.0
Unarmed Combat | 3 5 7 |  7.0
Fighting       | 4 5 6 7 |  7.0
Invocations    | 3 7 |  7.2
Air Magic      | 1 |  1.7
Summonings     | 1 |  1.4

Action                   |  1- 3 |  4- 6 |  7- 9 | 10-12 || total
-------------------------+-------+-------+-------+-------++-------
Melee: Unarmed           |    63 |   112 |    91 |   461 ||   727
       Tentacles         |    12 |    17 |    16 |   131 ||   176
       Constrict         |    21 |    24 |    23 |    80 ||   148
       Punch             |       |     3 |     4 |    30 ||    37
       Dagger            |       |       |       |     6 ||     6
Throw: Dart              |     3 |    17 |     3 |    76 ||    99
       Stone             |       |     8 |     5 |    63 ||    76
       Boomerang         |       |       |    20 |    83 ||   103
       Throwing net      |       |       |       |     2 ||     2
 Cast: Summon Lightning  |       |       |       |     6 ||     6
Invok: Temporal Distorti |       |       |       |     8 ||     8
       Slouch            |       |       |       |     2 ||     2
Evoke: Wand              |       |       |     3 |    23 ||    26
  Use: Potion            |     1 |     2 |     6 |     6 ||    15
       Scroll            |     1 |     2 |     1 |    11 ||    15
 Stab: Sleeping          |    11 |     9 |     8 |    17 ||    45
       Paralysed         |       |       |       |    33 ||    33
Armor: Skin              |     6 |    17 |       |    48 ||    71
Dodge: Dodged            |    32 |    60 |    51 |   281 ||   424
Block: Other             |       |     2 |     8 |    97 ||   107
       Reflection        |       |       |       |     7 ||     7
